 Dungeon Crawl Stone Soup version 0.19-a0-1025-g778f431 (webtiles) character file.

5573 4thArraOfDagon the Cleaver (level 10, 0/77 HPs)
             Began as a Minotaur Berserker on July 28, 2016.
             Was a Priest of Trog.
             Slain by a black mamba (7 damage)
             ... on level 2 of the Lair of Beasts.
             The game lasted 00:09:25 (1597 turns).

4thArraOfDagon the Cleaver (Minotaur Berserker)     Turns: 1597, Time: 00:09:26

Health: 0/77       AC: 14    Str: 20 (23) XL:     10   Next: 44%
Magic:  9/9        EV:  8    Int:  3 (4)  God:    Trog [***...]
Gold:   77         SH:  0    Dex:  7 (10) Spells: 0 memorised, 9 levels left

rFire  . . .     SeeInvis .     t - +1 battleaxe
rCold  . . .     Gourm    .     u - +0 chain mail
rNeg   + + .     Faith    .     (shield currently unavailable)
rPois  +         Spirit   .     (helmet restricted)
rElec  .         Dismiss  .     (no cloak)
rCorr  +         Reflect  .     g - +1 pair of gloves of Qeila {rPois rN++ rCorr Int-2}
SustAt .         Harm     .     (no boots)
MR     ++...                    (no amulet)
Stlth  ..........               p - ring of poison resistance
                                k - +2 ring of intelligence

@: exhausted, regenerating, very resistant to hostile enchantments, extremely
unstealthy
A: retaliatory headbutt, horns 2, talons 1, weak 1, wild magic 1
a: Berserk, Trog's Hand, Burn Spellbooks, Renounce Religion


You were on level 2 of the Lair of Beasts.
You worshipped Trog.
Trog was most pleased with you.
You were not hungry.

You visited 2 branches of the dungeon, and saw 15 of its levels.

You collected 77 gold pieces.

Inventory:

Hand Weapons
 a - a +0 hand axe
 t - a +1 battleaxe (weapon)
Missiles
 f - 2 poisoned tomahawks (quivered)
Armour
 b - a +0 animal skin
 e - a +0 pair of gloves
 g - the +1 pair of gloves of Qeila (worn) {rPois rN++ rCorr Int-2}
   (You found it on level 2 of the Lair of Beasts)

   It affects your intelligence (-2).
   It protects you from poison.
   It greatly protects you from negative energy.
   It protects you from acid and corrosion.
 m - a +0 ring mail
 q - a +0 scale mail
 u - a +0 chain mail (worn)
Jewellery
 k - a +2 ring of intelligence (left hand)
 p - a ring of poison resistance (right hand)
 w - an uncursed ring of magical power
Wands
 v - a wand of lightning (10/15)
Scrolls
 h - 4 scrolls of remove curse
 i - a scroll of noise
 s - a scroll of identify
Comestibles
 c - 4 bread rations


   Skills:
 - Level 3.6 Fighting
 * Level 14.9 Axes
 + Level 10.9 Armour
 - Level 2.1 Dodging


You had 9 spell levels left.
You didn't know any spells.

Dungeon Overview and Level Annotations

Branches:
Dungeon (12/15)            Temple (0/1) D:7            Lair (3/6) D:11
  Swamp: Lair:2-4    Shoals: Lair:2-4     Snake: Lair:2-4    Spider: Lair:2-4
    Orc: D:9-12

Altars:
Uskayaw

Annotations:
D:11 exclusion: downstairs
Lair:1 Erica


Innate Abilities, Weirdness & Mutations

You reflexively headbutt those who attack you in melee.
You have a pair of horns on your head.
You have sharp toenails.
You are weak. (Str -2)
Your spells are a little harder to cast, but a little more powerful.


Message History

The black mamba bites you.
* * * LOW HITPOINT WARNING * * *
The blink frog barely misses you. The black mamba bites you!
* * * LOW HITPOINT WARNING * * *
Unknown command.
Unknown command.
Unknown command.
The black mamba bites you but does no damage. x2
Unknown command.
Unknown command.
You aren't carrying any potions.
Unknown command.
Okay, then.
Unknown command.
The black mamba barely misses you.
The blink frog blinks!
Unknown command.
Unknown command.
You feel yourself speed up. The black mamba bites you!
You die...

≈≈≈≈≈§§≈.*#######...........#....
**≈≈§≈≈§.*#..##P#................
***#≈≈§.##...................##.
#≈§§§#....................#..
*#§≈..#......................
#§≈.......H§................
###**#§≈....#..#...............††.........
.#...............................


You could see a black mamba and a blink frog.

Vanquished Creatures
  A centaur warrior (D:11)
  An unseen horror (D:11)
  An ugly thing (D:11)
  A black mamba (Lair:2)
  A centaur zombie (D:11)
  2 spiny frogs (Lair:2)
  A centaur skeleton (D:10)
  A blink frog (Lair:2)
  A wyvern (D:11)
  A spriggan (D:9)
  2 wargs
  2 porcupines (Lair:2)
  An ice beast (D:5)
  A sky beast (D:7)
  2 orc warriors
  A black bear (D:8)
  2 centaurs (D:10)
  A crocodile (Lair:2)
  3 big kobolds
  2 giant frogs
  A wyvern skeleton (D:9)
  3 crimson imps
  A giant frog zombie (D:5)
  5 hounds
  2 orc priests (D:11)
  3 orc wizards (D:11)
  A worker ant (D:4)
  8 river rats (Lair:2)
  2 adders
  2 oozes
  A worm (D:5)
  2 giant geckos
  3 orcs (D:11)
  A ball python (D:3)
  4 jackals (D:5)
  18 kobolds
  A quokka (D:5)
  A giant gecko zombie (D:5)
  2 giant newts
  A rat (D:2)
90 creatures vanquished.

Vanquished Creatures (others)
  A plant (Lair:2)
1 creature vanquished.

Grand Total: 91 creatures vanquished

Notes
Turn   | Place    | Note
-------+----------+-------------------------------------------
     0 | D:1      | 4thArraOfDagon the Minotaur Berserker began the quest for the Orb.
     0 | D:1      | Reached XP level 1. HP: 19/19 MP: 0/0
   194 | D:2      | Reached skill level 4 in Axes
   266 | D:3      | Reached XP level 2. HP: 26/26 MP: 1/1
   276 | D:3      | Noticed a crimson imp
   324 | D:4      | Reached skill level 5 in Axes
   324 | D:4      | Reached XP level 3. HP: 26/31 MP: 2/2
   325 | D:4      | Reached XP level 4. HP: 29/39 MP: 3/3
   366 | D:5      | Entered Level 5 of the Dungeon
   366 | D:5      | Noticed an ice beast
   371 | D:5      | Reached skill level 6 in Axes
   371 | D:5      | Reached XP level 5. HP: 25/45 MP: 4/4
   373 | D:5      | Killed an ice beast
   418 | D:5      | Reached skill level 7 in Axes
   418 | D:5      | Reached XP level 6. HP: 34/51 MP: 5/5
   524 | D:6      | Found a hide-covered altar of Uskayaw.
   539 | D:7      | Reached ** piety under Trog
   561 | D:7      | Found a staircase to the Ecumenical Temple.
   574 | D:7      | Noticed a sky beast
   592 | D:7      | Killed a sky beast
   592 | D:7      | Reached skill level 5 in Armour
   676 | D:8      | Reached skill level 8 in Axes
   676 | D:8      | Reached XP level 7. HP: 57/57 MP: 6/6
   847 | D:9      | Noticed a spriggan baker
   851 | D:9      | Killed a spriggan baker
   851 | D:9      | Reached skill level 9 in Axes
   891 | D:10     | Entered Level 10 of the Dungeon
   981 | D:11     | uhh
   997 | D:11     | Killed an unseen horror
   997 | D:11     | Reached skill level 10 in Axes
   997 | D:11     | Reached XP level 8. HP: 48/64 MP: 7/7
  1026 | D:11     | Noticed a centaur warrior
  1036 | D:11     | Killed a centaur warrior
  1036 | D:11     | Reached skill level 11 in Axes
  1036 | D:11     | Reached XP level 9. HP: 64/70 MP: 8/8
  1044 | D:11     | Reached skill level 12 in Axes
  1132 | D:11     | Found a staircase to the Lair.
  1133 | D:11     | Noticed a cyan ugly thing
  1212 | D:10     | Reached skill level 13 in Axes
  1221 | D:10     | Reached *** piety under Trog
  1307 | D:11     | Killed a cyan ugly thing
  1311 | D:11     | Reached skill level 10 in Armour
  1324 | D:11     | Reached XP level 10. HP: 26/77 MP: 9/9
  1351 | D:11     | Reached skill level 14 in Axes
  1384 | Lair:1   | Entered Level 1 of the Lair of Beasts
  1400 | Lair:1   | Noticed Erica
  1415 | Lair:2   | Noticed a spiny frog
  1416 | Lair:2   | Noticed a spiny frog
  1426 | Lair:2   | Killed a spiny frog
  1427 | Lair:2   | Killed a spiny frog
  1440 | Lair:2   | Noticed a black mamba
  1449 | Lair:2   | Gained mutation: Your spells are a little harder to cast, but a little more powerful. [potion of mutation]
  1449 | Lair:2   | Gained mutation: You have sharp toenails. [potion of mutation]
  1449 | Lair:2   | Gained mutation: You are weak. (Str -2) [potion of mutation]
  1453 | Lair:2   | Killed a black mamba
  1489 | Lair:2   | Got a pair of transparent gloves
  1500 | Lair:2   | Identified the +1 pair of gloves of Qeila {rPois rN++ rCorr Int-2} (You found it on level 2 of the Lair of Beasts)
  1500 | Lair:2   | Lost intelligence.
  1565 | Lair:3   | Noticed a spiny frog
  1587 | Lair:2   | Noticed a griffon
  1588 | Lair:2   | Noticed a black mamba
  1594 | Lair:2   | HP: 2/77 [black mamba (7)]
  1597 | Lair:2   | Slain by a black mamba

Vault maps used:
D:1:      nagdon_arrival_zigzag_paths
D:2:      first_bread
D:3:      kennysheep_generic_room_12
D:4:      lemuel_doored_altar, overflow_temple_1_default, grunt_ministairs_12,
          uniq_blork_the_orc
D:5:      evilmike_ruin_ashenzari, uniq_prince_ribbit1, uniq_sigmund
D:6:      lemuel_crystal_altar, old_standard_altar,
          lemuel_zombie_altar_yredelemnul, minmay_misc_feat_alley
D:7:      gammafunk_temple_overflow_claw
D:8:      uniq_gastronok
D:9:      grunt_temple_overflow_lords_of_destruction, kennysheep_little_box,
          fedhas_altar_4, the_bakery, minmay_misc_feat_rugged
D:10:     uniq_urug
D:11:     erik_lair_orcish_takeover, kennysheep_orc_monster_closet_entryway
Lair:1:   lemuel_old_faithful, uniq_sonja, uniq_erica
Lair:2:   st_stairs_3, minivault_26
Lair:3:   spider_nest_entry_a, columned_hall_lemuel

Skill      XL: |  1  2  3  4  5  6  7  8  9 10 |
---------------+-------------------------------+-----
Axes           | 4 5 6 7 8 10 11 13 14 | 14.9
Armour         | 3 4 5 7 8 10 | 10.9
Fighting       | |  3.6
Dodging        | |  2.1

Action                   |  1- 3 |  4- 6 |  7- 9 | 10-12 || total
-------------------------+-------+-------+-------+-------++-------
Melee: Hand axe          |    20 |    30 |    24 |       ||    74
       Headbutt          |     3 |     5 |    22 |     2 ||    32
       Battleaxe         |       |       |    79 |    38 ||   117
       Kick              |       |       |       |     1 ||     1
Invok: Berserk           |     1 |     5 |     8 |     2 ||    16
       Trog's Hand       |       |       |     4 |     7 ||    11
       Burn Spellbooks   |       |       |     1 |       ||     1
  Use: Potion            |       |       |       |     6 ||     6
       Scroll            |       |       |       |     4 ||     4
  Eat: Chunk             |       |     4 |     3 |     2 ||     9
       Meat ration       |       |       |     1 |       ||     1
       Bread ration      |       |       |     1 |     1 ||     2
       Royal jelly       |       |       |     1 |       ||     1
Armor: Animal skin       |     4 |     1 |       |       ||     5
       Ring mail         |       |    14 |       |       ||    14
       Chain mail        |       |       |    84 |    39 ||   123
       Scale mail        |       |       |     4 |       ||     4
Dodge: Dodged            |    24 |    19 |    67 |    45 ||   155
